 Dungeon Crawl Stone Soup version 0.29.0-4-gdea44cf6ec (webtiles) character file.

Game seed: 13477256026048343790

6934 qw the Cleaver (level 11, -2/83 (84) HPs)
             Began as a Formicid Cinder Acolyte on Sept 4, 2022.
             Was a Believer of Okawaru.
             Slain by a wraith (7 damage)
             ... led by Josephine
             ... on level 11 of the Dungeon.
             The game lasted 00:04:03 (11957 turns).

qw the Cleaver (Formicid Cinder Acolyte)           Turns: 11957, Time: 00:04:04

HP:   -2/83 (84)    AC:  8    Str: 27    XL:     11   Next: 27%
MP:   14/14         EV:  9    Int: 13    God:    Okawaru [**....]
Gold: 194           SH: 16    Dex:  8    Spells: 12/12 levels left

rFire   . . .      SeeInvis +   Y - +3 war axe (freeze)
rCold   . . .      Faith    .   m - +0 kite shield
rNeg    + . .      Spirit   .   q - +0 plate armour
rPois   .          Reflect  .   (helmet unavailable)
rElec   .          Harm     .   h - +0 cloak
rCorr   .          Rampage  .   f - +0 pair of gloves
Will    +....                   p - +0 pair of boots of Meklaj {Fly rN+}
Stlth   ..........              (no amulet)
HPRegen 0.23/turn               (no ring)
MPRegen 0.14/turn               (no ring)

@: heroic, corroded, flying, lightly drained, fire susceptible
A: permanent stasis, dig shafts and tunnels, antennae 3, four strong arms, large
bone plates 1, strong 1
a: Dig, Shaft Self, Renounce Religion, Heroism


You were on level 11 of the Dungeon.
You worshipped Okawaru.
Okawaru was pleased with you.
You visited 2 branches of the dungeon, and saw 11 of its levels.
You also visited: Sewer.

You collected 496 gold pieces.
You spent 302 gold pieces at shops.


Innate Abilities, Weirdness & Mutations

You cannot be hasted, slowed, berserked, paralysed or teleported.
You can dig through walls and to a lower floor.
You have a pair of large antennae on your head. (SInv)
Your four strong arms can wield two-handed weapons with a shield.
You are partially covered in large bone plates. (SH +4)
Your muscles are strong. (Str +4, Int/Dex -1)


   Skills:
 + Level 7.1(12.1) Fighting
 - Level 11.0(16.0) Axes
 - Level 2.0(7.0) Throwing
 - Level 7.0(12.0) Armour
 - Level 2.5(7.5) Dodging
 - Level 10.1(15.1) Shields
 - Level 1.1 Spellcasting
 - Level 3.0 Fire Magic
 - Level 4.1 Invocations


You had 12 spell levels left.
You didn't know any spells.
Your spell library contained the following spells:

 Spells                   Type           Power      Damage    Failure   Level
 Scorch                   Fire           16%        2d5       82%         2

Inventory:

Hand Weapons
 g - a +0 hand axe of flaming
 Y - a +3 war axe of freezing (weapon)
Armour
 f - a +0 pair of gloves (worn)
 h - a +0 cloak (worn)
 m - a +0 kite shield (worn)
 p - the +0 pair of boots of Meklaj (worn) {Fly rN+}
   (You found it on level 7 of the Dungeon)

   rN:        It protects you from negative energy.
   Fly:       It grants you flight.
 q - a +0 plate armour (worn)
Jewellery
 b - a ring of willpower
Wands
 k - a wand of digging (12)
Scrolls
 o - a scroll of identify
Potions
 a - a potion of lignification {unknown}
 d - a potion of curing
 e - 6 potions of mutation
 i - a potion of flight {unknown}
 j - a potion of brilliance {unknown}
 l - a potion of might

Dungeon Overview and Level Annotations

Branches:
Dungeon (9/15)             Temple (1/1) D:6            Lair (0/5) D:9
  Sewer (visited)
    Orc: D:9-12

Altars:
Ashenzari
Cheibriados
Dithmenos
Fedhas
Hepliaklqana
Kikubaaqudgha
Makhleb
Nemelex Xobeh
Okawaru
Trog
Uskayaw
Vehumet
Wu Jian
Xom
Yredelemnul
Zin
The Shining One

Shops:
D:1 =   D:6 *

Annotations:
D:4 3 runed translucent doors, qw's ghost, amateur GrFi
D:8 2 transporters, qw's ghost, novice TrCA
D:11 Josephine


Message History

You block the wraith's attack. The wraith hits you!
The wraith drains your vigour!
Your stasis prevents you from being slowed.
Josephine hits you with a +0 dagger. You block the orc warrior's attack.
An eight-headed hydra comes into view.
You hit the wraith but do no damage.
The wraith is severely damaged.
You hit the wraith. You hit the yak. You freeze the yak.
You closely miss Josephine. You hit the orc warrior.
You freeze the orc warrior. You hit the yak. You freeze the yak.
The wraith hits you but does no damage. You block the yak's attack.
The yak gores you but does no damage. You block the wraith's attack.
The orc warrior closely misses you. Josephine hits you with a +0 dagger.
You barely miss the orc warrior.
The orc warrior is almost dead.
You hit the yak. You freeze the yak. You hit the wraith. You freeze the wraith.
You closely miss the wraith. You hit the wraith but do no damage.
You barely miss the yak. You slash Josephine! You freeze Josephine.
You block the yak's attack. The yak gores you!
You block the wraith's attack. x2
The wraith barely misses you. You block Josephine's attack.
The orc warrior hits you with a +0 glaive.
11955 ||| DRINKING potion of heal wounds.
You feel much better.
The yak gores you! x2; You block the wraith's attack. x3
Josephine hits you with a +0 dagger!
The orc warrior hits you with a +0 glaive.
You barely miss the wraith.
The wraith is almost destroyed.
You hit the wraith. You hit the yak but do no damage.
You closely miss Josephine. You hit the orc warrior.
You freeze the orc warrior.
You kill the orc warrior!
Okawaru accepts your kill.
You hit the yak but do no damage. You hit the wraith but do no damage.
Your base Armour skill increases to level 7!
You hit the wraith.
The wraith is almost destroyed.
You hit the yak but do no damage. You hit Josephine but do no damage.
You hit the yak. You freeze the yak. You hit the wraith but do no damage. x2
The wraith hits you!
You die...

<..##..#........
.......#........ .
##.......#......
#....##........#......
..........(...$.......
.....#........W.......
.....#.#.....WW@......
.......#..D..W@)..C...
$........(...WYY.##...
............##Y......
...........###..#.....
....##.#........##....
..> ###......... ....
....##..........# !..
......).......... ..
###############


You could see an eight-headed hydra, Josephine, a cyclops, 3 yaks and 5 wraiths.

Vanquished Creatures
  A two-headed ogre (D:9)
  Pikel (D:8)
  Joseph (D:8)
  Maggie (D:8)
  A shadow (D:9)
  A wyvern (D:9)
  A wraith (D:9)
  5 fire elementals (D:9)
  A basilisk (D:9)
  A steam dragon (D:7)
  3 vampire mosquitoes (D:11)
  An acid dragon (D:11)
  7 water moccasins
  2 orc warriors
  An ice beast (D:6)
  6 black bears
  2 ogres
  A centaur (D:8)
  A wolf (D:9)
  2 lemures (D:8)
  A phantom (D:6)
  3 kobold brigands
  2 scorpions
  4 bullfrogs
  2 gnoll sergeants
  7 wights (D:7)
  8 killer bees
  A hound (D:6)
  2 jellies
  A gnoll bouda (D:5)
  4 orc priests
  10 orc wizards
  12 gnolls
  6 adders
  A shadow imp (D:6)
  An ufetubus (D:6)
  2 worms (D:2)
  3 dart slugs
  32 orcs
  13 ball pythons
  5 bats
  12 endoplasms
  7 giant cockroaches
  5 goblins
  6 hobgoblins
  4 jackals (D:3)
  18 kobolds
  8 quokkas
  4 frilled lizards (D:1)
  12 rats
236 creatures vanquished.

Vanquished Creatures (others)
  A wight (D:7)
  2 fungi (D:9)
  13 plants (D:9)
16 creatures vanquished.

Grand Total: 252 creatures vanquished

Notes
Turn   | Place    | Note
-------+----------+-------------------------------------------
     0 | D:1      | qw the Formicid Cinder Acolyte began the quest for the Orb.
     0 | D:1      | Reached XP level 1. HP: 18/18 MP: 2/2
     0 | D:1      | 0 ||| qw: Version: 0.1-a-103-gd6f5d3a
     0 | D:1      | 0 ||| qw: Game counter: 5416
     0 | D:1      | 0 ||| qw: Always use a shield: true
     0 | D:1      | 0 ||| qw: God list: Okawaru
     0 | D:1      | 0 ||| qw: Allow faded altars: false
     0 | D:1      | 0 ||| qw: Do Orc after D:15 true
     0 | D:1      | 0 ||| qw: Do second Lair branch before Depths: true
     0 | D:1      | 0 ||| qw: Lair rune preference: random
     0 | D:1      | 0 ||| qw: Plans: Normal
     0 | D:1      | 0 ||| PLANNING D:1-11
    60 | D:1      | 60 ||| Stepping ~*~*~tactically~*~*~ (hiding).
   171 | D:1      | Found Zoph's Jewellery Shop.
   186 | D:1      | Reached XP level 2. HP: 17/24 MP: 3/3
   269 | D:1      | 269 ||| SHOPLISTING amulet of Cawnutagiva {RegenMP Rampage
                  | Dex+3} (606 gold, have 0).
   269 | D:1      | 269 ||| SHOPLISTING amulet of regeneration (420 gold, have
                  | 0).
   269 | D:1      | 269 ||| SHOPLISTING ring of poison resistance (280 gold,
                  | have 0).
   269 | D:1      | 269 ||| SHOPLISTING ring of protection from fire (350 gold,
                  | have 0).
   739 | D:1      | Reached skill level 4 in Axes
   739 | D:1      | Reached XP level 3. HP: 29/29 MP: 4/4
  1055 | D:1      | 1055 ||| READING scroll labelled SYATHA ZEAXT.
  1056 | D:1      | 1056 ||| READING scroll labelled RIRYK NANAWK.
  1057 | D:1      | 1057 ||| READING scroll labelled JIUW IXKIEZOT.
  1058 | D:1      | 1058 ||| Stepping randomly (stuck).
  1059 | D:1      | 1059 ||| Stepping ~*~*~tactically~*~*~ (cloud).
  1482 | D:2      | 1482 ||| INVOKING Fiery Armour.
  1484 | D:2      | Reached skill level 1 in Dodging
  1895 | D:2      | Found a faded altar of an unknown god.
  1930 | D:2      | 1930 ||| Stepping ~*~*~tactically~*~*~ (hiding).
  2032 | D:2      | 2032 ||| Stepping ~*~*~tactically~*~*~ (hiding).
  2134 | D:2      | 2134 ||| Stepping ~*~*~tactically~*~*~ (hiding).
  2421 | D:2      | Reached XP level 4. HP: 29/35 MP: 5/5
  2736 | D:2      | 2736 ||| Stepping ~*~*~tactically~*~*~ (stealth).
  3100 | D:2      | 3100 ||| UPGRADING to +0 pair of gloves.
  3105 | D:2      | 3105 ||| READING scroll labelled SIAREXO NEAKI.
  3106 | D:2      | 3106 ||| DRINKING 3 clear potions.
  3107 | D:2      | 3107 ||| DRINKING 2 bubbling orange potions.
  3108 | D:2      | 3108 ||| DROPPING potion of degeneration.
  3133 | D:3      | 3133 ||| INVOKING Fiery Armour.
  3134 | D:3      | 3134 ||| DRINKING 2 potions of curing.
  3134 | D:3      | 3134 ||| (to cure confusion)
  3134 | D:3      | Noticed an ogre
  3143 | D:3      | Reached skill level 5 in Axes
  3143 | D:3      | Reached XP level 5. HP: 27/41 MP: 6/6
  3148 | D:3      | Killed an ogre
  3149 | D:3      | Reached skill level 6 in Axes
  3149 | D:3      | Reached XP level 6. HP: 22/47 MP: 7/7
  3149 | D:3      | 3149 ||| FLEEEEING.
  3150 | D:3      | 3150 ||| FLEEEEING.
  3151 | D:3      | 3151 ||| STAIRDANCE
  3314 | D:3      | 3314 ||| STAIRDANCE
  3502 | D:3      | 3502 ||| Stepping ~*~*~tactically~*~*~ (stealth).
  3517 | D:3      | 3517 ||| FLEEEEING.
  3518 | D:3      | 3518 ||| FLEEEEING.
  3519 | D:3      | 3519 ||| FLEEEEING.
  3520 | D:3      | 3520 ||| FLEEEEING.
  3521 | D:3      | 3521 ||| FLEEEEING.
  3522 | D:3      | 3522 ||| FLEEEEING.
  3523 | D:3      | 3523 ||| FLEEEEING.
  3524 | D:3      | 3524 ||| FLEEEEING.
  3525 | D:3      | 3525 ||| FLEEEEING.
  3526 | D:3      | 3526 ||| FLEEEEING.
  3527 | D:3      | 3527 ||| FLEEEEING.
  3528 | D:3      | 3528 ||| FLEEEEING.
  3530 | D:3      | 3530 ||| FLEEEEING.
  3535 | D:3      | 3535 ||| Stepping ~*~*~tactically~*~*~ (hiding).
  3916 | D:3      | 3916 ||| UPGRADING to +0 chain mail.
  3926 | D:3      | 3926 ||| DROPPING +0 robe.
  3927 | D:3      | 3927 ||| DROPPING ring of magical power.
  3928 | D:3      | 3928 ||| READING scroll labelled OGOAGI SILYB.
  3929 | D:3      | 3929 ||| DRINKING 3 bubbling purple potions.
  3929 | D:3      | Gained mutation: You are partially covered in large bone
                  | plates. (SH +4) [potion of mutation]
  3929 | D:3      | Gained mutation: Your muscles are strong. (Str +4, Int/Dex
                  | -1) [potion of mutation]
  3955 | D:4      | 3955 ||| PLANNING SEWER
  4003 | D:4      | Found a broken altar of Ashenzari.
  4007 | D:4      | Saw a vision of the Swamp and the Spider Nest.
  4007 | D:4      | Noticed an orb spider
  4007 | D:4      | Noticed a jumping spider
  4007 | D:4      | Noticed a bloated husk
  4007 | D:4      | Noticed a wolf spider
  4007 | D:4      | Noticed an eleionoma
  4007 | D:4      | Noticed a moth of wrath
  4007 | D:4      | Noticed a culicivora
  4007 | D:4      | Noticed a bog body
  4007 | D:4      | Noticed a spark wasp
  4007 | D:4      | Noticed a bunyip
  4007 | D:4      | Noticed an entropy weaver
  4007 | D:4      | Noticed a steelbarb worm
  4007 | D:4      | Noticed a bloated husk
  4008 | D:4      | Noticed a goliath frog
  4008 | D:4      | Noticed a culicivora
  4008 | D:4      | Noticed a wolf spider
  4009 | D:4      | Noticed a pharaoh ant
  4015 | D:4      | Noticed a tarantella
  4087 | D:4      | 4087 ||| INVOKING Fiery Armour.
  4297 | D:4      | Found a runed translucent gate.
  4323 | D:4      | Found a runed translucent gate.
  4324 | D:4      | Found a runed translucent gate.
  4325 | D:4      | Noticed qw's ghost (amateur GrFi)
  4554 | D:4      | Found a glowing drain.
  4579 | Sewer    | Entered a sewer
  4627 | Sewer    | Noticed a water moccasin
  4642 | Sewer    | 4642 ||| INVOKING Fiery Armour.
  4647 | Sewer    | Killed a water moccasin
  4648 | Sewer    | Reached XP level 7. HP: 23/55 MP: 8/8
  4852 | Sewer    | 4852 ||| UPGRADING to +0 cloak.
  4857 | Sewer    | 4857 ||| READING scroll labelled OTZO JOEGESTRE.
  4875 | D:4      | 4875 ||| PLANNING D:1-11
  5075 | D:4      | 5075 ||| Stepping ~*~*~tactically~*~*~ (hiding).
  5076 | D:4      | 5076 ||| Stepping ~*~*~tactically~*~*~ (hiding).
  5313 | D:4      | 5313 ||| Stepping ~*~*~tactically~*~*~ (hiding).
  5424 | D:4      | 5424 ||| Stepping ~*~*~tactically~*~*~ (stealth).
  5425 | D:4      | 5425 ||| Stepping ~*~*~tactically~*~*~ (stealth).
  5427 | D:4      | 5427 ||| Stepping ~*~*~tactically~*~*~ (hiding).
  5554 | D:4      | 5554 ||| UPGRADING to +2 ring mail of poison resistance.
  5573 | D:5      | Entered Level 5 of the Dungeon
  5578 | D:5      | 5578 ||| INVOKING Fiery Armour.
  5670 | D:5      | Found a radiant altar of Vehumet.
  5672 | D:5      | 5672 ||| Stepping ~*~*~tactically~*~*~ (hiding).
  5674 | D:5      | 5674 ||| Stepping ~*~*~tactically~*~*~ (hiding).
  5716 | D:5      | 5716 ||| Stepping ~*~*~tactically~*~*~ (stealth).
  5733 | D:5      | Reached skill level 7 in Axes
  5897 | D:5      | 5897 ||| Stepping ~*~*~tactically~*~*~ (hiding).
  5899 | D:5      | 5899 ||| Stepping ~*~*~tactically~*~*~ (hiding).
  5916 | D:5      | 5916 ||| Stepping ~*~*~tactically~*~*~ (stealth).
  5921 | D:5      | 5921 ||| Stepping ~*~*~tactically~*~*~ (stealth).
  5926 | D:5      | 5926 ||| Stepping ~*~*~tactically~*~*~ (stealth).
  5968 | D:5      | 5968 ||| Stepping ~*~*~tactically~*~*~ (stealth).
  5970 | D:5      | 5970 ||| Stepping ~*~*~tactically~*~*~ (stealth).
  5971 | D:5      | 5971 ||| Stepping ~*~*~tactically~*~*~ (stealth).
  6002 | D:5      | 6002 ||| SWAPPING to +0 war axe.
  6177 | D:5      | HP: 11/55 [ogre/+0 giant spiked club (33)]
  6178 | D:5      | 6178 ||| DRINKING potion of heal wounds.
  6183 | D:5      | Reached XP level 8. HP: 41/61 MP: 9/9
  6295 | D:5      | 6295 ||| Stepping ~*~*~tactically~*~*~ (stealth).
  6297 | D:5      | 6297 ||| Stepping ~*~*~tactically~*~*~ (hiding).
  6300 | D:5      | 6300 ||| Stepping ~*~*~tactically~*~*~ (hiding).
  6481 | D:5      | 6481 ||| Stepping ~*~*~tactically~*~*~ (stealth).
  6483 | D:5      | 6483 ||| Stepping ~*~*~tactically~*~*~ (hiding).
  6494 | D:5      | 6494 ||| DRINKING 3 potions of curing.
  6494 | D:5      | 6494 ||| (to cure confusion)
  6527 | D:5      | 6527 ||| Stepping ~*~*~tactically~*~*~ (hiding).
  6637 | D:5      | 6637 ||| READING scroll labelled CORIEL KUAZAER.
  6673 | D:6      | 6673 ||| Stepping ~*~*~tactically~*~*~ (stealth).
  6684 | D:6      | Reached skill level 8 in Axes
  6688 | D:6      | 6688 ||| INVOKING Fiery Armour.
  6784 | D:6      | 6784 ||| Stepping ~*~*~tactically~*~*~ (stealth).
  6796 | D:6      | 6796 ||| Stepping ~*~*~tactically~*~*~ (stealth).
  6885 | D:6      | 6885 ||| INVOKING Fiery Armour.
  7077 | D:6      | 7077 ||| INVOKING Fiery Armour.
  7092 | D:6      | HP: 15/63 [gnoll sergeant/+0 spear (1)]
  7098 | D:6      | HP: 1/63 [orc priest/divine providence (12)]
  7100 | D:6      | Reached skill level 9 in Axes
  7502 | D:6      | Reached skill level 6 in Fighting
  7502 | D:6      | Reached XP level 9. HP: 65/69 MP: 10/10
  7823 | D:6      | 7823 ||| Stepping ~*~*~tactically~*~*~ (stealth).
  7825 | D:6      | 7825 ||| Stepping ~*~*~tactically~*~*~ (hiding).
  7943 | D:6      | 7943 ||| Stepping ~*~*~tactically~*~*~ (stealth).
  7950 | D:6      | Reached skill level 10 in Axes
  8031 | D:6      | Found Ungaonn's Gadget Gallery.
  8036 | D:6      | 8036 ||| BUYING wand of digging (6) (302 gold).
  8036 | D:6      | Bought a wand of digging (6) for 302 gold pieces
  8168 | D:6      | Found a staircase to the Ecumenical Temple.
  8204 | D:6      | 8204 ||| UPGRADING to +0 kite shield.
  8209 | D:6      | 8209 ||| READING scroll labelled ISSOBU RATU.
  8210 | D:6      | 8210 ||| READING scroll labelled UFENTE NIGATI.
  8211 | D:6      | 8211 ||| READING scroll labelled JIPPIU AL QOBUME.
  8241 | D:7      | 8241 ||| Stepping ~*~*~tactically~*~*~ (stealth).
  8242 | D:7      | 8242 ||| INVOKING Fiery Armour.
  8265 | D:7      | HP: 13/67 [wight/+0 trident (8)]
  8711 | D:7      | 8711 ||| INVOKING Fiery Armour.
  8934 | D:7      | 8934 ||| Stepping ~*~*~tactically~*~*~ (stealth).
  8937 | D:7      | 8937 ||| Stepping ~*~*~tactically~*~*~ (stealth).
  8946 | D:7      | Reached skill level 6 in Shields
  8973 | D:7      | 8973 ||| Stepping ~*~*~tactically~*~*~ (stealth).
  8976 | D:7      | 8976 ||| Stepping ~*~*~tactically~*~*~ (hiding).
  8981 | D:7      | 8981 ||| DRINKING 2 potions of curing.
  8981 | D:7      | 8981 ||| (to cure confusion)
  9007 | D:7      | Found an ornate altar of the Wu Jian Council.
  9009 | D:7      | Found a bloodstained altar of Trog.
  9011 | D:7      | Found a shadowy altar of Dithmenos.
  9042 | D:7      | 9042 ||| Stepping ~*~*~tactically~*~*~ (stealth).
  9046 | D:7      | 9046 ||| Stepping ~*~*~tactically~*~*~ (stealth).
  9048 | D:7      | 9048 ||| Stepping ~*~*~tactically~*~*~ (stealth).
  9052 | D:7      | 9052 ||| Stepping ~*~*~tactically~*~*~ (stealth).
  9062 | D:7      | 9062 ||| FLEEEEING.
  9064 | D:7      | 9064 ||| FLEEEEING.
  9190 | D:7      | Reached XP level 10. HP: 35/75 MP: 11/11
  9191 | D:7      | 9191 ||| INVOKING Fiery Armour.
  9378 | D:7      | 9378 ||| SWAPPING to +1 war axe.
  9379 | D:7      | 9379 ||| DROPPING +0 war axe.
  9395 | D:7      | 9395 ||| SWAPPING to +3 war axe of freezing.
  9396 | D:7      | 9396 ||| DROPPING +1 war axe.
  9409 | D:7      | Identified the +0 pair of boots of Meklaj {Fly rN+}
  9579 | D:7      | 9579 ||| Stepping ~*~*~tactically~*~*~ (hiding).
  9584 | D:7      | 9584 ||| DRINKING 2 potions of curing.
  9584 | D:7      | 9584 ||| (to cure confusion)
  9704 | D:7      | 9704 ||| UPGRADING to +0 pair of boots of Meklaj {Fly rN+}.
  9709 | D:7      | 9709 ||| DROPPING ring of wizardry.
  9710 | D:7      | 9710 ||| READING scroll labelled XUCEUZX VILUX.
  9841 | D:8      | Noticed Maggie
  9842 | D:8      | 9842 ||| Stepping ~*~*~tactically~*~*~ (hiding).
  9850 | D:8      | Killed Maggie
  9965 | D:8      | 9965 ||| Stepping ~*~*~tactically~*~*~ (hiding).
 10198 | D:8      | 10198 ||| INVOKING Fiery Armour.
 10208 | D:8      | Reached skill level 9 in Shields
 10261 | D:8      | Noticed Joseph
 10267 | D:8      | 10267 ||| Stepping ~*~*~tactically~*~*~ (hiding).
 10274 | D:8      | Killed Joseph
 10275 | D:8      | 10275 ||| Stepping ~*~*~tactically~*~*~ (hiding).
 10276 | D:8      | 10276 ||| Stepping ~*~*~tactically~*~*~ (hiding).
 10288 | D:8      | Noticed Pikel
 10296 | D:8      | Killed Pikel
 10297 | D:8      | 10297 ||| FLEEEEING.
 10299 | D:8      | 10299 ||| FLEEEEING.
 10300 | D:8      | 10300 ||| FLEEEEING.
 10301 | D:8      | 10301 ||| FLEEEEING.
 10302 | D:8      | 10302 ||| FLEEEEING.
 10303 | D:8      | 10303 ||| STAIRDANCE
 10480 | D:7      | 10480 ||| READING scroll labelled LOMASENIFE.
 10766 | D:8      | Found a transporter.
 10767 | D:8      | Noticed qw's ghost (novice TrCA)
 10772 | D:8      | Noticed a moth of wrath
 10809 | D:8      | Found a transporter.
 11030 | D:8      | 11030 ||| DROPPING +0 chain mail.
 11031 | D:8      | 11031 ||| PLANNING TEMPLE
 11031 | D:8      | 11031 ||| UPGRADING to +0 plate armour.
 11041 | D:8      | 11041 ||| DROPPING +2 ring mail of poison resistance.
 11042 | D:8      | 11042 ||| DROPPING +0 ring mail of fire resistance.
 11043 | D:8      | 11043 ||| DRINKING 2 fizzy silvery potions.
 11044 | D:8      | 11044 ||| DROPPING potion of invisibility.
 11085 | Temple   | Entered the Ecumenical Temple
 11087 | Temple   | 11087 ||| PLANNING CONVERSION TO OKAWARU
 11090 | Temple   | Fell from the grace of Ignis
 11090 | Temple   | Became a worshipper of Warmaster Okawaru
 11091 | Temple   | 11091 ||| PLANNING D:1-11
 11253 | D:9      | 11253 ||| Stepping ~*~*~tactically~*~*~ (stealth).
 11254 | D:9      | 11254 ||| Stepping ~*~*~tactically~*~*~ (stealth).
 11305 | D:9      | Reached skill level 6 in Armour
 11307 | D:9      | Found a staircase to the Lair.
 11315 | D:9      | Reached * piety under Okawaru
 11316 | D:9      | 11316 ||| INVOKING Heroism.
 11319 | D:9      | HP: 19/79 [black bear (1)]
 11320 | D:9      | 11320 ||| DRINKING 5 potions of heal wounds.
 11326 | D:9      | Reached skill level 11 in Axes
 11326 | D:9      | Reached skill level 1 in Invocations
 11326 | D:9      | Reached XP level 11. HP: 52/84 MP: 10/12
 11347 | D:9      | 11347 ||| INVOKING Heroism.
 11355 | D:9      | HP: 20/84 [fire elemental[the fiery vengeance of Ignis]
                  | (3)]
 11356 | D:9      | 11356 ||| DRINKING 4 potions of heal wounds.
 11438 | D:9      | 11438 ||| FLEEEEING.
 11439 | D:9      | 11439 ||| FLEEEEING.
 11440 | D:9      | 11440 ||| FLEEEEING.
 11441 | D:9      | 11441 ||| FLEEEEING.
 11442 | D:9      | 11442 ||| FLEEEEING.
 11443 | D:9      | 11443 ||| FLEEEEING.
 11444 | D:9      | 11444 ||| FLEEEEING.
 11445 | D:9      | 11445 ||| FLEEEEING.
 11446 | D:9      | 11446 ||| FLEEEEING.
 11447 | D:9      | 11447 ||| FLEEEEING.
 11448 | D:9      | 11448 ||| FLEEEEING.
 11458 | D:9      | 11458 ||| STAIRDANCE
 11594 | D:8      | 11594 ||| DRINKING 2 fizzy inky potions.
 11766 | D:9      | Found a hide-covered altar of Uskayaw.
 11770 | D:9      | Noticed a two-headed ogre
 11771 | D:9      | 11771 ||| Stepping ~*~*~tactically~*~*~ (stealth).
 11779 | D:9      | 11779 ||| Stepping ~*~*~tactically~*~*~ (stealth).
 11781 | D:9      | 11781 ||| INVOKING Heroism.
 11784 | D:9      | Killed a two-headed ogre
 11873 | D:9      | You are sucked into a shaft and drop 2 floors!
 11925 | D:11     | 11925 ||| INVOKING Heroism.
 11936 | D:11     | Noticed Josephine
 11939 | D:11     | Reached ** piety under Okawaru
 11948 | D:11     | HP: 13/82 [wraith[Josephine] (11)]
 11949 | D:11     | 11949 ||| DRINKING 3 potions of heal wounds.
 11950 | D:11     | Noticed a cyclops
 11952 | D:11     | 11952 ||| DRINKING 2 potions of heal wounds.
 11952 | D:11     | Noticed an eight-headed hydra
 11954 | D:11     | HP: 13/82 [yak (11)]
 11955 | D:11     | 11955 ||| DRINKING potion of heal wounds.
 11955 | D:11     | HP: 6/82 [Josephine/+0 dagger (9)]
 11957 | D:11     | Slain by a wraith

Levels and vault maps discovered:
D:1:      lemuel_arrival_hallway, layout_basic, serial_shops,
          nicolae_shop_temple_entry_statues_fountains
D:2:      layout_loops_corners, ebering_ecumenical_altar_abandoned
D:3:      layout_rooms
D:4:      layout_loops_ring, grunt_ashenzari_visionary
          [grunt_ashenzari_visionary_swamp, grunt_ashenzari_visionary_spider],
          gammafunk_ghost_split, gup_sewer_entry_pipe, minmay_misc_feat_cross
D:5:      layout_basic, vehumet_altar_wand_db
D:6:      layout_basic, minmay_temple_entry_proselytizer, nicolae_shop_gadgets
D:7:      layout_cave_pools, grunt_temple_overflow_open
D:8:      layout_loops_ring, gammafunk_ghost_berserking_beasts,
          minmay_manual_macuahuitl, uniq_joseph, uniq_pikel, uniq_maggie
D:9:      layout_basic, old_standard_altar, minmay_lair_entry_grove,
          minmay_misc_feat_five, minmay_strange_pillars, nzn_sisyphean_effort,
          uniq_erolcha
D:11:     minmay_recursive_quarters, layout_cave_pools, erik_orc_3,
          serial_shops, shop, uniq_erica, uniq_harold, uniq_josephine
Temple:   hellmonk_temple_two_chambers

Skill      XL: |  1  2  3  4  5  6  7  8  9 10 11 |
---------------+----------------------------------+-----
Axes           | 4 5 6 7 9 10 11 | 11.0
Dodging        | 1 2 |  2.5
Armour         | 2 6 7 |  7.0
Fighting       | 4 6 7 |  7.1
Throwing       | 2 |  2.0
Shields        | 8 9 10 | 10.1
Invocations    | 1 4 |  4.1
Spellcasting   | |  1.1
Fire Magic     | |  3.0

Action                   |  1- 3 |  4- 6 |  7- 9 | 10-12 || total
-------------------------+-------+-------+-------+-------++-------
Melee: Hand axe          |    99 |   142 |    73 |       ||   314
       Punch             |     1 |     2 |     4 |       ||     7
       War axe           |       |       |   262 |   172 ||   434
       Unarmed           |       |       |     5 |       ||     5
Throw: Boomerang         |       |       |    20 |       ||    20
Invok: Fiery Armour      |     1 |     3 |     6 |     2 ||    12
       Heroism           |       |       |       |     4 ||     4
  Use: Scroll            |     3 |     2 |     5 |     2 ||    12
       Potion            |       |     4 |     3 |     8 ||    15
Armor: Robe              |    11 |    18 |       |       ||    29
       Chain mail        |       |    21 |    11 |       ||    32
       Ring mail         |       |       |   114 |    19 ||   133
       Plate armour      |       |       |       |    59 ||    59
Dodge: Dodged            |    31 |    66 |   176 |    53 ||   326
Block: Other             |       |     9 |    47 |       ||    56
       Kite shield       |       |       |    96 |   157 ||   253

Table legend:
 A = Non-vault XP
 B = Vault XP
 C = Vault XP percentage of total XP
 D = Non-vault monster count
 E = Vault monster count
 F = Vault count percentage of total count
                 A         B        C        D         E       F
            +---------+---------+-------+---------+---------+-------
      Total |    6420 |    3487 |  35.2 |     202 |      28 |  12.2
            +---------+---------+-------+---------+---------+-------
        D:1 |      35 |       0 |   0.0 |      24 |       0 |   0.0
        D:2 |      62 |       0 |   0.0 |      23 |       0 |   0.0
        D:3 |     217 |       0 |   0.0 |      29 |       0 |   0.0
        D:4 |     211 |      14 |   6.2 |      18 |       7 |  28.0
        D:5 |     552 |       1 |   0.2 |      24 |       1 |   4.0
        D:6 |    1237 |      40 |   3.1 |      27 |       1 |   3.6
        D:7 |    1593 |       0 |   0.0 |      28 |       0 |   0.0
        D:8 |     432 |    1751 |  80.2 |      17 |       7 |  29.2
        D:9 |    1250 |    1536 |  55.1 |       3 |      11 |  78.6
       D:11 |     831 |       0 |   0.0 |       9 |       0 |   0.0
      Sewer |       0 |     145 | 100.0 |       0 |       1 | 100.0
            +---------+---------+-------+---------+---------+-------
